Map: [ESL] Radhuset Station

Players

trigger

  • Race: Protoss Protoss
  • Spawn Location: 1:00

Kelazhur - Winner!

  • Race: Terran Terran
  • Spawn Location: 7:00

Event: ESL SC2 Masters 2023 Winter (Regional)

VOD

Have the link to the VOD?

Description

Time

  • Played on: Nov. 19, 2023, 12:53 p.m.
  • Length: 21:28

All games in this series

Show
View Real Time Build Order
Export as new Build Order

trigger Protoss 

Build Orders: 1 Gate Expand, Oracle Opening, Blink Stalkers, Chargelot Immortal 

Get SALT Encoding   

  12  0:00  Probe  
  13  0:12  Probe  
  14  0:17  Pylon  
  14  0:24  Probe (Chrono Boost)  
  16  0:36  Gateway, Probe (Chrono Boost)  
  16  0:42  Probe (Chrono Boost)  
  16  0:45  Assimilator  
  17  0:50  Probe  
  18  1:03  Probe  
  19  1:15  Probe  
  20  1:23  Cybernetics Core  
  20  1:34  Nexus  
  20  1:38  Probe  
  21  1:45  Pylon  
  21  1:51  Assimilator  
  21  1:53  Probe  
  21  1:57  Adept (Chrono Boost)  
  23  2:05  Probe (Chrono Boost)  
  25  2:17  Probe (Chrono Boost)  
  25  2:21  Stargate  
  25  2:22  Probe (Chrono Boost)  
  25  2:28  Warp Gate  
  26  2:32  Probe  
  26  2:33  Adept  
  30  2:46  Probe (Chrono Boost)  
  30  2:49  Probe (Chrono Boost)  
  31  2:55  Probe (Chrono Boost)  
  33  2:58  Probe (Chrono Boost)  
  33  3:01  Probe (Chrono Boost)  
  33  3:03  Oracle (Chrono Boost)  
  34  3:08  Probe  
  36  3:13  Probe  
  37  3:20  Probe  
  37  3:21  Twilight Council  
  37  3:25  Gateway, Probe  
  39  3:32  Probe  
  40  3:36  Pylon  
  40  3:37  Probe  
  41  3:47  Probe (Chrono Boost)  
  42  3:49  Probe (Chrono Boost)  
  42  3:53  Gateway  
  43  3:58  Blink (Chrono Boost)  
  43  4:00  Probe (Chrono Boost)  
  43  4:01  Probe (Chrono Boost)  
  45  4:05  Probe (Chrono Boost)  
  45  4:08  Probe  
  47  4:14  Assimilator  
  47  4:15  Probe  
  47  4:16  Stalker  
  50  4:21  Probe  
  51  4:24  Nexus  
  51  4:26  Pylon  
  51  4:27  Probe  
  51  4:30  Assimilator  
  52  4:33  Pylon, Probe  
  53  4:41  Pylon  
  53  4:45  Probe x2  
  53  4:49  Stalker x2  
  59  4:57  Probe  
  59  4:58  Stalker  
  62  5:01  Robotics Facility  
  62  5:05  Forge  
  62  5:06  Probe  
  63  5:14  Probe (Chrono Boost)  
  63  5:15  Stalker x2  
  69  5:23  Probe (Chrono Boost)  
  69  5:24  Gateway  
  69  5:26  Probe (Chrono Boost)  
  70  5:32  Probe (Chrono Boost)  
  70  5:33  Probe (Chrono Boost)  
  72  5:36  Probe (Chrono Boost)  
  72  5:37  Protoss Ground Weapons Level 1 (Chrono Boost)  
  75  5:45  Charge  
  75  5:46  Sentry, Shield Battery, Probe x2 (Chrono Boost)  
  75  5:47  Probe (Chrono Boost)  
  75  5:48  Pylon  
  75  5:49  Observer  
  79  5:51  Robotics Bay  
  79  5:53  Probe  
  79  5:55  Probe  
  81  5:57  Pylon  
  81  6:02  Probe  
  81  6:03  Sentry  
  84  6:04  Assimilator  
  84  6:05  Probe  
  84  6:06  Sentry, Assimilator  
  84  6:07  Probe  
  88  6:14  Immortal (Chrono Boost), Probe  
  88  6:15  Pylon  
  93  6:20  Shield Battery  
  93  6:30  Stalker x3  
  93  6:31  Zealot  
  101  6:35  Probe x2  
  101  6:39  Pylon  
  103  6:46  Probe  
  104  6:47  Pylon, Probe  
  104  6:48  Colossus (Chrono Boost)  
  111  6:54  Zealot x3  
  111  6:58  Pylon  
  111  7:00  Pylon, Extended Thermal Lance  
  117  7:25  Nexus  
  117  7:28  Zealot x4, Colossus (Chrono Boost)  
  131  7:33  Protoss Ground Armor Level 1 (Chrono Boost), Pylon, Gateway  
  131  7:35  Gateway  
  131  7:37  Probe x2  
  133  7:41  Forge  
  133  7:43  Probe  
  134  7:50  Probe  
  135  7:55  Shield Battery  
  135  7:57  Robotics Facility, Probe  
  136  7:58  Robotics Facility  
  136  8:05  Zealot, Probe  
  137  8:06  Zealot  
  137  8:07  Photon Cannon  
  137  8:10  Pylon  
  141  8:15  Photon Cannon  
  141  8:21  Zealot x2  
  145  8:28  Stalker x2  
  145  8:30  Protoss Ground Weapons Level 2 (Chrono Boost), Probe  
  145  8:32  Immortal (Chrono Boost)  
  150  8:38  Probe x3  
  155  8:43  Probe  
  164  8:52  Immortal (Chrono Boost)  
  164  8:53  Immortal (Chrono Boost)  
  164  8:56  Assimilator  
  164  8:58  Assimilator, Templar Archives  
  164  9:06  Gateway  
  164  9:08  Zealot x5, Gateway  
  172  9:19  Immortal (Chrono Boost)  
  172  9:27  Immortal x2 (Chrono Boost)  
  180  9:36  Nexus  
  180  9:39  Pylon  
  180  9:41  Protoss Ground Armor Level 2 (Chrono Boost)  
  180  9:47  Pylon  
  180  9:57  Immortal  
  180  9:58  Pylon  
  184  10:02  High Templar x2  
  188  10:07  Archon, High Templar x4  
  188  10:12  Archon x2  
  196  10:16  Immortal  
  196  10:19  Gateway  
  200  10:22  Gateway  
  200  10:23  Gateway  
  200  10:24  Zealot x2  
  180  10:30  Observer  
  180  10:34  Protoss Ground Weapons Level 3 (Chrono Boost)  
  171  10:37  Observer  
  171  10:38  Stalker x2  
  171  10:40  High Templar x4, Warp Prism (Chrono Boost)  
  185  10:46  Archon, Shield Battery  
  185  10:47  Archon, Photon Cannon  
  185  10:49  Pylon, Stalker x2  
  189  10:51  Immortal (Chrono Boost)  
  193  11:10  Warp Prism (Chrono Boost)  
  193  11:11  Stalker x2  
  199  11:26  Photon Cannon  
  199  11:28  Photon Cannon  
  199  11:31  Photon Cannon  
  195  11:34  Shield Battery  
  193  11:43  Protoss Ground Armor Level 3 (Chrono Boost)  
  193  11:51  Gateway  
  193  11:54  Zealot x3  
  188  12:02  Zealot x3  
  180  12:09  Zealot x5  
  180  12:12  Immortal x2 (Chrono Boost)  
  194  12:18  Colossus (Chrono Boost)  
  164  12:26  Zealot x6  
  176  12:31  Zealot x5  
  186  12:48  Colossus (Chrono Boost)  
  196  12:56  Stalker  
  196  12:57  Psionic Storm, Stalker  
  200  13:03  Nexus  
  200  13:05  Protoss Shields Level 1 (Chrono Boost)  
  200  13:11  Warp Prism (Chrono Boost)  
  200  13:12  Pylon  
  196  13:15  Pylon  
  197  13:20  Observer  
  191  13:30  Stalker x5  
  199  13:48  Zealot x6  
  192  13:49  Zealot  
  192  13:50  Immortal  
  192  13:51  Immortal  
  158  14:01  Colossus  
  162  14:03  Stalker x5  
  172  14:12  High Templar  
  172  14:13  High Templar x5, Zealot  
  172  14:16  Archon x2  
  186  14:17  Archon  
  186  14:29  Zealot x2, Immortal  
  186  14:30  Zealot x3  
  180  14:32  Colossus (Chrono Boost)  
  180  14:34  Zealot  
  163  14:45  Zealot x6  
  153  14:52  Stalker x7  
  145  14:55  High Templar  
  145  14:56  High Templar x2, Zealot x2  
  145  14:59  Disruptor (Chrono Boost)  
  159  15:10  Shield Battery  
  159  15:12  Shield Battery, Nexus, Photon Cannon  
  159  15:15  Shield Battery, Protoss Shields Level 2 (Chrono Boost)  
  163  15:21  Disruptor (Chrono Boost)  
  163  15:23  Warp Prism (Chrono Boost)  
  159  15:38  Stalker x2  
  163  15:49  Zealot x4  
  167  15:50  Immortal  
  169  16:01  Dark Shrine  
  167  16:09  High Templar x3  
  167  16:10  Stalker x2  
  177  16:15  High Templar  
  177  16:16  Zealot x4  
  177  16:17  Zealot, Photon Cannon  
  183  16:37  Zealot x8  
  173  16:46  Zealot x3  
  170  16:51  Zealot  
  134  16:56  Colossus  
  104  17:02  Stalker x8, Observer  
  104  17:03  Probe  
  104  17:04  Probe  
  104  17:05  Pylon  
  104  17:07  Probe x2  
  104  17:08  Probe  
  124  17:14  High Templar x2  
  128  17:16  Probe x2  
  128  17:19  Probe  
  128  17:22  Shield Battery, Observer, Photon Cannon  
  123  17:23  Probe  
  123  17:27  High Templar x3  
  123  17:28  Shield Battery, Disruptor  
  134  17:32  Zealot  
  136  17:38  Observer, Probe x2  
  136  17:40  Assimilator  
  136  17:44  Disruptor  
  138  17:49  Probe x2  
  138  17:51  Assimilator  
  144  17:53  Stalker x3, Assimilator  
  150  18:09  Zealot x9  
  168  18:16  Immortal  
  168  18:17  Zealot x3  
  178  18:20  Archon  
  178  18:24  Archon  
  174  18:31  Zealot x8  
  186  18:42  Stalker x4  
  194  18:51  High Templar x2  
  195  19:04  Disruptor  
  199  19:10  Nexus  
  199  19:14  Pylon  
  173  19:26  Observer  
  173  19:29  Immortal  
  177  19:32  High Templar  
  167  19:43  Nexus  
  165  19:51  Shield Battery  
  165  19:52  Photon Cannon  
  162  20:06  Stalker x4  
  165  20:20  Shield Battery  
  165  20:24  Stalker x7  
  179  20:35  Pylon  
  173  20:47  Zealot x2, Photon Cannon  
  173  20:48  Zealot x7  
  130  21:09  Zealot x4  
  130  21:10  Zealot x8  
Show
View Real Time Build Order
Export as new Build Order

Kelazhur Terran - Winner!

Build Orders:  

Get SALT Encoding   

  12  0:00  SCV  
  13  0:12  SCV  
  14  0:17  Supply Depot  
  14  0:24  SCV  
  15  0:39  SCV  
  15  0:40  Barracks  
  16  0:51  SCV  
  17  1:03  SCV  
  18  1:14  Command Center  
  18  1:18  SCV  
  19  1:27  Marine  
  19  1:31  Orbital Command  
  20  1:42  Supply Depot  
  20  1:45  Marine  
  21  1:56  SCV  
  22  2:03  Marine  
  23  2:09  SCV  
  23  2:14  Command Center  
  24  2:21  Marine, SCV  
  25  2:28  Orbital Command  
  25  2:33  SCV  
  26  2:39  Marine  
  27  2:45  SCV  
  27  2:47  Barracks  
  28  2:54  Barracks  
  28  2:55  SCV  
  28  2:57  SCV  
  28  2:58  Marine  
  31  3:07  SCV  
  31  3:09  SCV  
  31  3:12  Refinery  
  33  3:17  Marine  
  33  3:19  SCV  
  35  3:21  SCV  
  35  3:23  Engineering Bay  
  36  3:30  Orbital Command  
  36  3:31  SCV  
  36  3:33  SCV  
  38  3:35  Marine  
  38  3:37  Refinery  
  38  3:38  Marine  
  38  3:41  Marine  
  40  3:43  SCV  
  40  3:45  Orbital Command  
  42  3:50  Missile Turret  
  42  3:52  SCV  
  42  3:53  Marine  
  44  3:57  Barracks Tech Lab  
  44  3:59  Marine  
  44  4:00  SCV  
  45  4:04  SCV  
  46  4:11  Marine, SCV  
  46  4:12  SCV  
  46  4:15  Missile Turret  
  46  4:16  Stimpack, Marine  
  50  4:19  SCV  
  50  4:20  Refinery  
  50  4:23  SCV, Supply Depot  
  51  4:24  SCV  
  51  4:29  Missile Turret  
  51  4:31  Barracks Reactor, SCV  
  52  4:36  Marine, SCV x2  
  52  4:37  Barracks Tech Lab  
  55  4:42  Supply Depot  
  55  4:43  SCV  
  56  4:48  SCV x2  
  56  4:50  Terran Infantry Weapons Level 1  
  58  4:55  Marauder, SCV  
  58  4:57  Supply Depot  
  58  4:59  Marauder  
  63  5:00  SCV x2  
  63  5:06  Supply Depot  
  65  5:07  SCV  
  65  5:08  Marine x2  
  65  5:09  Combat Shield  
  65  5:12  SCV  
  65  5:13  SCV  
  69  5:16  Refinery  
  69  5:17  Supply Depot  
  69  5:19  Marauder, SCV  
  72  5:22  Marauder  
  72  5:24  SCV  
  72  5:25  SCV  
  72  5:27  Marine x2  
  72  5:28  Supply Depot  
  78  5:31  SCV  
  79  5:36  SCV  
  79  5:37  Factory, SCV  
  79  5:40  Marauder  
  79  5:41  Barracks  
  79  5:42  Barracks  
  83  5:43  SCV  
  83  5:49  SCV x2, Supply Depot  
  86  5:51  Marine x2, Marauder  
  89  5:57  SCV  
  89  6:01  SCV  
  89  6:02  Marauder  
  89  6:03  Supply Depot  
  93  6:04  SCV  
  93  6:11  Marine x2, SCV  
  96  6:13  Marauder  
  96  6:14  SCV  
  96  6:17  SCV  
  101  6:19  Concussive Shells  
  101  6:20  Starport  
  101  6:21  Factory Reactor  
  101  6:28  Marauder, SCV  
  101  6:30  SCV, Barracks Tech Lab, Barracks Reactor  
  104  6:33  SCV  
  104  6:34  Marine x2  
  107  6:41  Marauder, SCV  
  107  6:42  SCV  
  107  6:45  SCV  
  107  6:47  Command Center, Supply Depot  
  112  6:49  Marauder, Terran Infantry Armor Level 1  
  112  6:50  Marauder  
  113  6:56  Marine x2  
  113  6:59  Refinery  
  113  7:00  Refinery, Supply Depot  
  114  7:02  Marauder, Supply Depot  
  114  7:06  Factory Reactor  
  115  7:11  Marine x2, Marauder  
  115  7:12  Medivac x2, Marauder  
  115  7:15  Marine x2  
  127  7:24  Marauder  
  127  7:28  SCV x3  
  127  7:29  Marine x2  
  134  7:32  Marine  
  134  7:33  Engineering Bay  
  134  7:34  Ghost Academy  
  134  7:36  Marine  
  134  7:37  Marine, Marauder  
  138  7:40  Supply Depot, SCV  
  138  7:42  Medivac x2  
  138  7:44  SCV  
  143  7:45  Marine  
  143  7:48  Marine x2  
  143  7:50  Marauder  
  147  7:54  Marine x2  
  149  7:59  Marauder, SCV  
  149  8:00  Supply Depot  
  149  8:02  Missile Turret, SCV x2  
  149  8:03  Marauder  
  154  8:06  Marine  
  154  8:12  Marauder  
  157  8:13  Marine  
  157  8:14  Medivac x2, Marine  
  157  8:19  SCV x2  
  165  8:20  Marauder  
  165  8:22  Widow Mine  
  165  8:24  Ghost  
  171  8:33  Ghost  
  171  8:34  Marine x4  
  173  8:37  SCV x2  
  173  8:38  Orbital Command, SCV  
  180  8:49  Viking x2  
  180  8:55  Barracks  
  184  8:58  Barracks  
  184  9:00  Barracks  
  184  9:01  Armory  
  184  9:02  Marauder x2, Engineering Bay  
  188  9:06  Marine  
  179  9:10  Marine, Widow Mine, Ghost  
  179  9:11  Marine x2  
  179  9:13  Supply Depot  
  178  9:22  Viking x2, Sensor Tower  
  182  9:29  Supply Depot  
  184  9:31  Widow Mine  
  184  9:34  Ghost x2  
  184  9:35  Marine x3  
  191  9:42  Missile Turret x2  
  191  9:45  Missile Turret  
  191  9:52  Viking x2  
  195  9:56  Widow Mine, Ghost  
  195  9:57  Barracks Tech Lab x2  
  198  10:01  Terran Infantry Weapons Level 2  
  198  10:07  Refinery  
  198  10:08  Refinery  
  198  10:09  Starport, Marauder  
  200  10:15  Terran Infantry Armor Level 2  
  200  10:24  Marauder x2  
  200  10:27  Command Center  
  175  10:30  Ghost  
  175  10:34  Medivac  
  169  10:38  Marine x4, Ghost  
  175  10:45  Ghost  
  175  10:46  Missile Turret  
  175  10:47  Marine x3  
  180  10:52  Ghost  
  182  10:57  Missile Turret  
  182  10:58  Medivac  
  182  10:59  Missile Turret  
  182  11:01  Viking  
  182  11:03  Marine x2  
  182  11:04  Marine  
  187  11:16  Viking  
  187  11:17  Command Center x2  
  189  11:19  Marauder  
  189  11:21  Marauder  
  189  11:22  Marauder  
  189  11:24  Missile Turret  
  193  11:26  Marauder  
  193  11:28  Viking  
  197  11:35  Marauder  
  197  11:38  Viking  
  198  11:41  Marauder  
  198  11:42  Marauder  
  198  11:43  Marauder, Marine x2  
  200  12:01  Marauder x2  
  199  12:02  Marauder  
  180  12:09  Marauder x2  
  180  12:14  Marine  
  171  12:16  Widow Mine  
  171  12:22  Marine x5, Marauder x2  
  167  12:23  Liberator x2  
  167  12:24  Liberator, Marauder  
  167  12:28  Fusion Core, Terran Ship Weapons Level 1  
  167  12:29  Terran Infantry Weapons Level 3  
  176  12:31  Marauder x2  
  176  12:32  Marine  
  179  12:38  Widow Mine  
  179  12:40  Marine x5  
  179  12:43  Marine  
  179  12:44  Marauder  
  189  12:45  Marauder  
  189  12:49  Planetary Fortress  
  189  12:50  Marine  
  192  12:51  Ghost x2  
  192  12:52  Terran Infantry Armor Level 3  
  192  12:58  Marine x2  
  198  13:02  Marauder  
  198  13:04  Orbital Command  
  200  13:09  Missile Turret  
  200  13:18  Hi-Sec Auto Tracking  
  200  13:19  Advanced Ballistics  
  200  13:23  Command Center  
  200  13:32  Starport Reactor  
  200  13:39  Marine  
  188  13:51  Marauder  
  188  13:53  Marauder x2  
  188  13:55  Marauder  
  182  13:58  Marine x2, Widow Mine  
  182  13:59  Marauder  
  182  14:02  Liberator x2  
  181  14:07  SCV x2  
  189  14:12  Medivac x2  
  191  14:20  Widow Mine  
  186  14:31  Caduceus Reactor  
  186  14:32  Marauder  
  186  14:36  Marine, Marauder x2  
  181  14:41  Widow Mine  
  181  14:42  Liberator, Marine x2  
  181  14:43  Marauder  
  181  14:45  Liberator x2, Marauder  
  147  14:54  Marauder  
  147  14:59  Medivac  
  151  15:00  Ghost x2  
  151  15:01  Marine x4  
  151  15:03  Widow Mine  
  151  15:04  Marine x3  
  164  15:07  Planetary Fortress  
  164  15:10  Missile Turret  
  164  15:17  Command Center, Marauder x2  
  164  15:18  Command Center  
  164  15:19  Marine x4  
  172  15:23  Marauder  
  172  15:24  Widow Mine  
  172  15:25  Medivac  
  178  15:28  Ghost  
  178  15:29  Sensor Tower, Missile Turret  
  178  15:31  Terran Ship Weapons Level 2  
  178  15:35  Missile Turret  
  189  15:36  Viking  
  189  15:37  Viking x2  
  189  15:40  Marine x4, Marauder x3  
  196  15:44  Marauder  
  196  15:45  Widow Mine  
  196  15:46  Sensor Tower  
  197  15:51  Marine x2  
  196  15:57  Marine  
  196  15:58  Marine, Marauder  
  200  16:18  Neosteel Armor  
  191  16:37  Liberator, Marauder x5  
  191  16:53  Marine x6  
  191  16:54  Liberator x3, Widow Mine  
  164  16:58  Marauder x5  
  149  17:11  Marine x3  
  149  17:12  Orbital Command x2  
  149  17:14  Barracks  
  149  17:15  Widow Mine  
  154  17:16  Refinery  
  154  17:17  Starport x2, Refinery  
  154  17:18  Barracks  
  154  17:20  Marauder x3  
  156  17:23  Marine x2  
  156  17:24  Ghost x2  
  156  17:27  Liberator  
  165  17:37  Liberator x2, Widow Mine  
  167  17:38  Liberator  
  167  17:40  Ghost  
  167  17:42  Command Center  
  174  17:47  Ghost x2  
  174  17:48  Marine x4  
  174  17:49  Marine x2  
  184  17:55  Starport Tech Lab x2  
  182  18:06  Marauder  
  184  18:14  Ghost x2  
  184  18:15  Barracks Tech Lab  
  184  18:16  Liberator x3, Barracks Tech Lab, Ghost  
  197  18:26  Liberator x2  
  195  18:45  Liberator, Marine x2, Marauder x2  
  200  19:15  Marine x10, Marauder  
  200  19:16  Liberator, Marauder x2  
  200  19:17  Widow Mine  
  190  19:27  Liberator x2  
  190  19:30  SCV x2  
  190  19:33  Marine x6  
  190  19:34  Marauder x2  
  198  19:44  Liberator  
  196  19:55  Marauder x2  
  195  20:30  Liberator  
  195  20:33  Command Center  
  186  20:44  Marauder x2, Marine  
  186  20:45  Marine x5, Marauder x2  
  197  21:02  Marine x2  
  197  21:03  Widow Mine  
Tags
 
Add a new tag
Caveats
  • Supply blocks, unpowered buildings, or Contaminate may cause inaccurate times.
  • Supply counts are checked every 10 seconds.